 Dungeon Crawl Stone Soup version 0.26-a0-682-g294304f6e8 (console) character file.

Game seed: 3363369926480401641

1806 om the Frost Mage (level 8, 0/57 HPs)
             Began as a White Draconian Ice Elementalist on Oct 21, 2020.
             Slain by a wight
             ... wielding a +2 battleaxe
              (3 damage)
             ... on level 7 of the Dungeon.
             The game lasted 00:20:27 (9277 turns).

om the Frost Mage (DrIE)                            Turns: 9277, Time: 00:20:28

Health: 0/57       AC:  8    Str: 13    XL:     8   Next: 84%
Magic:  10/12      EV: 14    Int: 16    God:
Gold:   263        SH:  0    Dex: 11    Spells: 2/13 levels left

rFire    + . .     SeeInvis .   u - +6 falchion (venom)
rCold    + + .     Faith    .   (no shield)
rNeg     . . .     Spirit   .   (armour unavailable)
rPois    .         Reflect  .   (helmet restricted)
rElec    .         Harm     .   C - +1 cloak
rCorr    .         Rampage  .   (no gloves)
MR       .....                  (no boots)
Stlth    +.........             l - amulet of regeneration
HPRegen  0.59/turn              c - ring of protection from cold
MPRegen  0.13/turn              q - ring of protection from fire

@: heavily drained
A: breathe frost, unfitting armour, cold resistance 1, cold-blooded, AC +6
a: Breathe Frost


You were on level 7 of the Dungeon.
You visited 1 branch of the dungeon, and saw 7 of its levels.
You also visited: Ossuary.

You collected 263 gold pieces.

Inventory:

Hand Weapons
 r - a +0 dagger of venom
 u - a +6 falchion of venom (weapon)
Armour
 C - a +1 cloak (worn)
Jewellery
 c - a ring of protection from cold (left hand)
 l - an amulet of regeneration (around neck)
 q - a ring of protection from fire (right hand)
Wands
 o - a wand of polymorph (11)
 p - a wand of flame (7)
 A - a wand of iceblast (27)
Scrolls
 a - 4 scrolls of fog
 b - 4 scrolls of immolation
 f - 2 scrolls of enchant armour
 i - 4 scrolls of amnesia
 j - a scroll of noise {unknown}
 k - 3 scrolls of remove curse {unknown}
 m - 2 scrolls of teleportation {unknown}
 n - a scroll of magic mapping {unknown}
 w - a scroll of summoning {unknown}
 y - 2 scrolls of fear {unknown}
 z - 2 scrolls of enchant weapon {unknown}
Potions
 d - a potion of berserk rage {unknown}
 e - 4 potions of curing
 g - 4 potions of heal wounds
 h - 3 potions of invisibility
 t - 3 potions of flight {unknown}
 v - 3 potions of stabbing {unknown}
 x - 2 potions of haste {unknown}
 B - a potion of degeneration {unknown}


   Skills:
 - Level 0.1(0.0) Fighting
 - Level 1.5(1.6) Short Blades
 * Level 3.6(2.6) Long Blades
   Level 0.3(0.0) Axes
 + Level 6.1(4.9) Dodging
 - Level 1.9(0.8) Stealth
 - Level 3.0(1.8) Spellcasting
 * Level 5.1(3.9) Conjurations
 - Level 8.5(7.1) Ice Magic


You had 2 spell levels left.
You knew the following spells:

 Your Spells              Type           Power        Failure   Level
a - Freeze                Ice            ###.         1%          1
b - Ozocubu's Armour      Ice            ###.....     3%          3
c - Frozen Ramparts       Ice            ###...       3%          3
d - Hailstorm             Conj/Ice       ###.....     22%         4

Your spell library contained the following spells:

 Spells                   Type           Power        Failure   Level
 Summon Ice Beast         Ice/Summ       ##......     43%         4


Dungeon Overview and Level Annotations

Branches:
Dungeon (7/15)            Ossuary (visited)
 Temple: D:4-7

Altars:
The Shining One

Annotations:
D:6 3 runed translucent doors, Whiskey's ghost, novice GrIE


Innate Abilities, Weirdness & Mutations

You can breathe waves of freezing cold.
You can buffet flying creatures when you breathe cold.
Your icy white scales are hard. (AC +6)
You cannot fit into any form of body armour.
Your flesh is cold resistant. (rC+)
You are cold-blooded and may be slowed by cold attacks.


Message History

The wall freezes the wight but do no damage.
You barely miss the wight.
The wight is moderately damaged.
The wight completely resists.
The wall freezes the wight but do no damage.
The wight completely resists.
The wall freezes the wight but do no damage.
The wight hits you with a +2 battleaxe!
You feel drained.
The wight completely resists.
The wall freezes the wight but do no damage.
You hit the wight but do no damage.
The wight is moderately damaged.
The wight resists.
The wall freezes the wight.
The wight hits you with a +2 battleaxe!
You feel drained.
The wight completely resists.
The wall freezes the wight but do no damage.
You slash the wight!
The wight is almost destroyed.
The frozen ramparts melt away.
The wight hits you with a +2 battleaxe!
* * * LOW HITPOINT WARNING * * *
You feel drained.
You die... .############# ....!zz@....<# ##############

You could see 2 wights.

Vanquished Creatures
  A troll (D:6)
  Prince Ribbit (D:6)
  Eustachio (D:5)
  A phantom (D:5)
  A centaur (D:5)
  An ogre (D:4)
  A bullfrog (D:6)
  3 water moccasin zombies (Ossuary)
  A scorpion (D:3)
  A wight (D:7)
  3 howler monkeys
  2 orc wizards
  An orc priest (D:6)
  Crazy Yiuf (D:6)
  A centaur skeleton (D:5)
  Natasha (thrice) (D:2)
  2 iguanas
  4 big kobold zombies (Ossuary)
  A hound skeleton (D:4)
  A howler monkey zombie (D:5)
  3 mummies
  5 adders
  4 adder zombies (Ossuary)
  An adder skeleton (D:6)
  3 dart slugs
  2 worms
  2 leopard geckos
  18 orcs
  8 bats
  4 giant cockroaches
  2 gnoll zombies (Ossuary)
  9 goblins
  5 hobgoblins
  4 jackals (D:1)
  8 kobolds
  8 frilled lizards
  3 hobgoblin zombies (Ossuary)
  11 kobold zombies (Ossuary)
  6 orc zombies
  A quokka skeleton (D:4)
  8 rats
146 creatures vanquished.

Notes
Turn   | Place    | Note
-------+----------+-------------------------------------------
     0 | D:1      | om the Draconian Ice Elementalist began the quest for the
                  | Orb.
     0 | D:1      | Reached XP level 1. HP: 14/14 MP: 3/3
   511 | D:1      | Reached XP level 2. HP: 20/20 MP: 3/5
   845 | D:1      | Gained mutation: You are frail. (-10% HP) [potion of
                  | mutation]
   845 | D:1      | Lost mutation: You are frail. (-10% HP) [potion of
                  | mutation]
  1065 | D:1      | Reached XP level 3. HP: 12/26 MP: 1/6
  1077 | D:1      | Learned a level 3 spell: Ozocubu's Armour
  1988 | D:2      | Noticed Natasha
  1992 | D:2      | Killed Natasha
  1992 | D:2      | Reached skill level 5 in Ice Magic
  1992 | D:2      | Reached XP level 4. HP: 33/33 MP: 3/8
  2240 | D:2      | Learned a level 3 spell: Frozen Ramparts
  3271 | D:2      | Noticed Natasha
  3278 | D:2      | Killed Natasha
  3331 | D:2      | Noticed Natasha
  3340 | D:2      | Killed Natasha
  3340 | D:2      | Reached XP level 5. HP: 30/38 MP: 5/9
  4132 | D:3      | Reached skill level 6 in Ice Magic
  4626 | D:4      | Reached XP level 6. HP: 45/45 MP: 10/10
  5776 | D:5      | Entered Level 5 of the Dungeon
  5925 | D:5      | Reached skill level 7 in Ice Magic
  5969 | D:5      | Found a sand-covered staircase.
  5979 | Ossuary  | Entered an ossuary
  6188 | Ossuary  | Your scales start taking on an icy white colour.
  6188 | Ossuary  | Reached skill level 8 in Ice Magic
  6188 | Ossuary  | Reached XP level 7. HP: 50/50 MP: 4/11
  6188 | Ossuary  | Gained mutation: Your flesh is cold resistant. (rC+) [White
                  | Draconian growth]
  6755 | Ossuary  | Reached skill level 5 in Dodging
  6800 | Ossuary  | Learned a level 4 spell: Hailstorm
  7549 | D:5      | Found a glowing golden altar of the Shining One.
  7588 | D:5      | Reached skill level 1 in Conjurations
  7975 | D:5      | Reached XP level 8. HP: 49/57 MP: 12/12
  8044 | D:5      | Noticed Eustachio
  8057 | D:5      | Killed Eustachio
  8057 | D:5      | Reached skill level 1 in Short Blades
  8527 | D:6      | Noticed Whiskey's ghost (novice GrIE)
  8563 | D:6      | Found a runed translucent gate.
  8563 | D:6      | Found a runed translucent gate.
  8563 | D:6      | Found a runed translucent gate.
  8643 | D:6      | Reached skill level 1 in Long Blades
  8807 | D:6      | Noticed a troll
  8824 | D:6      | Killed a troll
  8904 | D:6      | Noticed Prince Ribbit
  8912 | D:6      | Killed Prince Ribbit
  9050 | D:6      | Found a runed translucent door.
  9051 | D:6      | Noticed Crazy Yiuf
  9058 | D:6      | Killed Crazy Yiuf
  9058 | D:6      | Reached skill level 5 in Conjurations
  9277 | D:7      | Slain by a wight

Illustrated notes

Levels and vault maps discovered:
D:1:      lemuel_arrival_muddy, layout_basic
D:2:      layout_basic, minivault_24, uniq_natasha
D:3:      layout_loops_cross
D:4:      layout_layer_cave
D:5:      layout_gridville, lemuel_round_altar, nicolae_ossuary_entry_giza,
          chequers_garden, uniq_eustachio
D:6:      layout_loops_corners, gammafunk_ghost_icy, grunt_ministairs_6,
          uniq_prince_ribbit1, uniq_crazy_yiuf_cottage
D:7:      layout_basic, minmay_temple_entry_proselytizer, bloody_makhleb

Skill      XL: |  1  2  3  4  5  6  7  8 |
---------------+-------------------------+-----
Dodging        | 2 3 5 6 |  6.1
Ice Magic      | 5 6 8 |  8.5
Spellcasting   | 3 |  3.0
Conjurations   | 2 5 |  5.1
Short Blades   | 1 |  1.5
Long Blades    | 3 |  3.6
Fighting       | |  0.1
Axes           | |  0.3
Stealth        | |  1.9

Action                   |  1- 3 |  4- 6 |  7- 9 || total
-------------------------+-------+-------+-------++-------
Melee: Hand axe          |    66 |    51 |       ||   117
       Tailslap          |     5 |    17 |    51 ||    73
       Dagger            |       |   119 |   410 ||   529
       Falchion          |       |       |    36 ||    36
 Cast: Freeze            |    31 |     5 |       ||    36
       Ozocubu's Armour  |     2 |     4 |     6 ||    12
       Frozen Ramparts   |       |    31 |    16 ||    47
       Hailstorm         |       |       |     3 ||     3
 Abil: Breathe Frost     |       |       |     2 ||     2
  Use: Potion            |     1 |     1 |     1 ||     3
       Scroll            |       |     4 |     2 ||     6
 Stab: Sleeping          |     4 |     3 |     3 ||    10
       Invisible         |       |       |     4 ||     4
Armor: Skin              |    41 |    63 |   132 ||   236
Dodge: Dodged            |    68 |   112 |   261 ||   441
       Rpst.: Falchion   |       |       |     8 ||     8

Table legend: (Time is in decaauts)
 A = Elapsed time spent in this place.
 B = Non-inter-level travel time spent in this place.
 C = Inter-level travel time spent in this place.
 D = Time resting spent in this place.
 E = Time spent auto-exploring this place.
 F = Levels seen in this place.
 G = Mean time per level.
                   A        B        C        D        E       F      G
               +--------+--------+--------+--------+--------+-----+--------+
         Total |   9318 |   9158 |    160 |   3425 |   4041 |   8 | 1164.8 |
       Dungeon |   7799 |   7639 |    160 |   2466 |   3934 |   7 | 1114.1 |
       Ossuary |   1518 |   1518 |      0 |    959 |    107 |   1 | 1518.0 |
               +--------+--------+--------+--------+--------+-----+--------+

Top non-repeatable levels by time:
     D:2: 2183 daAuts
 Ossuary: 1518 daAuts
     D:1: 1487 daAuts
     D:4: 1156 daAuts
     D:6: 1019 daAuts
     D:3: 984 daAuts
     D:5: 951 daAuts
     D:7: 17 daAuts
